 Dungeon Crawl Stone Soup version 0.29-a0-22-gbf593b16ee (webtiles) character file.

Game seed: 4706892031426681421

24 enile the Skirmisher (level 3, -4/30 HPs)
             Began as a Djinni Wanderer on Jan 29, 2022.
             Slain by a gnoll (6 damage)
             ... on level 2 of the Dungeon.
             The game lasted 00:02:02 (1458 turns).

enile the Skirmisher (Djinni Wanderer)              Turns: 1458, Time: 00:02:02

Health: -4/30      AC:  5    Str: 10    XL:     3   Next: 15%
Gold:   52         EV: 10    Int: 17    God:
                   SH:  5    Dex: 11

rFire   + + .      SeeInvis .   a - +0 short sword
rCold   x . .      Faith    .   (no shield)
rNeg    . . .      Spirit   .   b - +0 ring mail
rPois   ∞          Reflect  +   (no helmet)
rElec   .          Harm     .   (no cloak)
rCorr   .          Rampage  .   (no gloves)
Will    .....                   (boots unavailable)
Stlth   +.........              h - amulet of reflection
HPRegen 0.10/turn               (no ring)
MPRegen 0.00/turn               (no ring)

@: flying
A: sickness immunity, fire resistance 2, cold vulnerability 1, float, innate
caster, HP casting, extra vitality 1
a: no special abilities


You were on level 2 of the Dungeon.
You visited 1 branch of the dungeon, and saw 2 of its levels.

You collected 52 gold pieces.

Inventory:

Hand Weapons
 a - a +0 short sword (weapon)
 i - a +0 short sword
Missiles
 c - 11 poisoned darts (quivered)
Armour
 b - a +0 ring mail (worn)
Jewellery
 h - an amulet of reflection (around neck)
Scrolls
 e - a scroll of enchant weapon {unknown}
 f - a scroll of holy word {unknown}
 j - a scroll of fear {unknown}
Potions
 d - a potion of invisibility {unknown}
 g - a potion of attraction {unknown}


   Skills:
 - Level 3.0 Fighting
 - Level 1.0 Short Blades
 - Level 2.0 Armour
 - Level 2.0 Dodging
 + Level 1.0 Spellcasting
 - Level 1.0 Invocations
 - Level 1.0 Evocations


You had 3 spell levels left.
You knew the following spells:

 Your Spells              Type           Power      Damage    Failure   Level
a - Slow                  Hex            16%        N/A       34%         1
Your spell library was empty.

Dungeon Overview and Level Annotations

Branches:
Dungeon (2/15)

Altars:
Trog


Innate Abilities, Weirdness & Mutations

You are immune to sickness and miasma.
You are immune to poison.
Your flesh is very heat resistant. (rF++)
You are vulnerable to cold. (rC-)
You float through the air rather than walking.
You learn spells naturally, not from books.
Your magical power is your life essence.
You have superior vitality. (+4 MHP)


Message History

Press: ? - help, Shift-Dir - straight line, f/p - gnoll
Aim: a gnoll, wielding a +0 whip (chance to affect: 49%)
The gnoll resists with some effort.
Casting: Slow (safe; 34% risk of failure)
Confirm with . or Enter, or press ? or * to list all spells.
Aiming: Slow (safe; 34% risk of failure)
Press: ? - help, Shift-Dir - straight line, f/p - gnoll
Aim: a gnoll, wielding a +0 whip (chance to affect: 49%)
The gnoll resists with some effort.
Casting: Slow (safe; 34% risk of failure)
Confirm with . or Enter, or press ? or * to list all spells.
Aiming: Slow (safe; 34% risk of failure)
Press: ? - help, Shift-Dir - straight line, f/p - gnoll
Aim: a gnoll, wielding a +0 whip (chance to affect: 49%)
The gnoll resists with some effort.
Your magical contamination has completely faded away.
The gnoll hits you with a +0 whip.
You hit the gnoll.
The gnoll is lightly wounded.
The gnoll hits you but does no damage.
You hit the gnoll but do no damage.
The gnoll is lightly wounded.
You block the gnoll's attack.
You closely miss the gnoll.
The gnoll is lightly wounded.
The gnoll hits you with a +0 whip.
You hit the gnoll.
The gnoll is heavily wounded.
The gnoll hits you with a +0 whip!
You hit the gnoll.
The gnoll is severely wounded.
The gnoll hits you with a +0 whip.
You hit the gnoll but do no damage.
The gnoll is severely wounded.
The gnoll hits you with a +0 whip!
* * * LOW HITPOINT WARNING * * *
You completely miss the gnoll.
The gnoll is severely wounded.
The gnoll hits you with a +0 whip.
You die... ... ♣♣.♣♣ ♣.## ##### ♣♣PP.PP♣♣..###...# ♣PP...PP♣♣.......######### ♣♣P.....P♣♣...............# ....!⌠........_..########.# P.....P♣♣..........# #.###### PP...PP ♣....g.###.####......# PP.PP

#...##@#
#.......###.#
♣♣♣♣.♣♣
#.####.#
#.#####.#
#.♣♣.♣ #.# #.#
#.# #....# #.#
#.# #.# #.####
#.# #.# ###
##.########.#
###
.........##.##
.#######.#...#
. #....<#


You could see a gnoll.

Vanquished Creatures
  A dart slug (D:1)
  2 ball pythons
  An endoplasm (D:1)
  2 goblins
  4 hobgoblins (D:1)
  2 jackals (D:1)
  3 bats (D:1)
  3 frilled lizards (D:1)
  2 kobolds (D:1)
  A rat (D:1)
21 creatures vanquished.

Vanquished Creatures (others)
  5 plants (D:2)
5 creatures vanquished.

Grand Total: 26 creatures vanquished

Notes
Turn   | Place    | Note
-------+----------+-------------------------------------------
     0 | D:1      | enile the Djinni Wanderer began the quest for the Orb.
     0 | D:1      | Reached XP level 1. HP: 18/18 MP: 0/0
   253 | D:1      | You are sucked into a shaft and drop 1 floor!
   342 | D:1      | Reached XP level 2. HP: 24/24 MP: 0/0
   502 | D:1      | Reached skill level 3 in Fighting
   773 | D:1      | Reached XP level 3. HP: 25/30 MP: 0/0
   773 | D:1      | Learned a level 1 spell: Slow
  1426 | D:2      | Found a bloodstained altar of Trog.
  1458 | D:2      | Slain by a gnoll

Illustrated notes

Levels and vault maps discovered:
D:1:      saegor_arrival_miasma, layout_rooms, minmay_pentomino_w2
D:2:      kennysheep_big_flooded_room, layout_loops_ring,
          shapermc_ecumenical_altar_mp_highgroup, basic_altar, serial_forest,
          infiniplex_forest_fountain, infiniplex_forest_lined_3_way,
          infiniplex_forest_zigzag_1, infiniplex_forest_clump_cross,
          infiniplex_forest_clump_small, infiniplex_forest_lined_ring

Skill      XL: |  1  2  3 |
---------------+----------+-----
Fighting       | 3 |  3.0
Dodging        | 2 |  2.0
Short Blades   | |  1.0
Armour         | |  2.0
Spellcasting   | |  1.0
Invocations    | |  1.0
Evocations     | |  1.0

Action                   || total
-------------------------++-------
Melee: Short sword       ||   102
       Punch             ||     1
Throw: Dart              ||     4
 Cast: Slow              ||    10
  Use: Scroll            ||     1
Armor: Ring mail         ||    33
Dodge: Dodged            ||    61
Block: Other             ||     3

Table legend: (Time is in decaauts)
 A = Elapsed time spent in this place.
 B = Non-inter-level travel time spent in this place.
 C = Inter-level travel time spent in this place.
 D = Time resting spent in this place.
 E = Time spent auto-exploring this place.
 F = Levels seen in this place.
 G = Mean time per level.
                   A        B        C        D        E       F      G
               +--------+--------+--------+--------+--------+-----+--------+
         Total |   1463 |   1455 |      8 |    532 |    674 |   2 |  731.5 |
       Dungeon |   1463 |   1455 |      8 |    532 |    674 |   2 |  731.5 |
               +--------+--------+--------+--------+--------+-----+--------+

Top non-repeatable levels by time:
     D:1: 966 daAuts
     D:2: 496 daAuts
